AoeStats
← Peixe-Aranha

Golden Pit

509650013Analyzed
1v1 RM · 4d ago on Sep 27, 2026· 45m 17s· 2 players
Game mode
Random Map
Map size
Tiny (2 player)
Population
200
Speed
Normal
Resources
Standard
Victory
Conquest
Starting age
Dark Age
Ending age
Imperial Age
RankedLock teamsTeams togetherTeam positionsShared explorationLock speedFull tech treeHidden civsTurbo modeCheats
Victory
Defeat
🇪🇸 Britons · Spain
878
+16
🇵🇹 Bulgarians · Portugal
869
-16
Peixe-Aranha
6:55 Loom
10:08 Feudal Age
11:37 Double-Bit Axe
13:14 Horse Collar
16:04 Wheelbarrow
21:22 Castle Age
20:19 Bloodlines
21:53 Stone Mining
22:12 Scale Barding Armor
22:19 Forging
23:59 Husbandry
24:05 Heavy Plow
24:18 Bow Saw
27:18 Hand Cart
28:56 Chain Barding Armor
29:12 Iron Casting
38:39 Imperial Age
37:23 Gold Mining
39:48 Murder Holes
40:54 Chemistry
42:42 Fletching
Fontanar88
10:11 Feudal Age
11:20 Double-Bit Axe
20:06 Castle Age
18:15 Horse Collar
19:47 Stone Mining
20:47 Wheelbarrow
23:10 Hand Cart
24:27 Pikeman
25:42 Forging
27:30 Bow Saw
27:37 Fletching
31:43 Bodkin Arrow
32:05 Gold Mining
32:45 Squires
33:24 Murder Holes
36:37 Ballistics
40:42 Imperial Age
40:06 Iron Casting
39:32 Padded Archer Armor
39:15 Treadmill Crane
40:15 Gold Shaft Mining
41:03 Sappers
41:09 Halberdier
44:21 Conscription
44:47 Warwolf
Connection lost

Rejoining the realm…

Still unreachable

The connection could not be restored.

Session expired

The server has moved on; the page needs a fresh start.